 Dungeon Crawl Stone Soup version 0.25.0-46-gbd7b0854d2 (webtiles) character file.

Game seed: 7870119224894898175

249 Delamore the Chopper (level 6, -10/47 HPs)
             Began as a Formicid Fighter on July 14, 2020.
             Splashed by Ijyb's acid (16 damage)
             ... on level 3 of the Dungeon.
             The game lasted 00:02:51 (2842 turns).

Delamore the Chopper (Formicid Fighter)             Turns: 2842, Time: 00:02:52

Health: -10/47     AC:  6    Str: 23    XL:     6   Next: 34%
Magic:  6/6        EV:  6    Int:  7    God:
Gold:   170        SH:  9    Dex: 10    Spells: 5/5 levels left

rFire    . . .     SeeInvis +   a - +0 war axe
rCold    . . .     Gourm    .   c - +0 kite shield
rNeg     . . .     Faith    .   k - +0 chain mail
rPois    .         Spirit   .   (helmet unavailable)
rElec    .         Reflect  .   v - +0 cloak
rCorr    .         Harm     .   (no gloves)
MR       .....                  (no boots)
Stlth    ..........             (no amulet)
HPRegen  0.15/turn              t - ring of flight
MPRegen  0.10/turn              (no ring)

@: mighty, corroded
A: permanent stasis, dig shafts and tunnels, four strong arms, antennae 3
a: Dig, Shaft Self, Evoke Flight


You were on level 3 of the Dungeon.
You were not hungry.

You visited 1 branch of the dungeon, and saw 3 of its levels.

You collected 170 gold pieces.

Inventory:

Hand Weapons
 a - a +0 war axe (weapon)
Missiles
 g - 26 poisoned darts (quivered)
 q - a javelin
Armour
 b - a +0 scale mail
 c - a +0 kite shield (worn)
 k - a +0 chain mail (worn)
 p - a +0 plate armour
 v - a +0 cloak (worn)
Jewellery
 t - a ring of flight (left hand)
Scrolls
 e - 2 scrolls of teleportation {unknown}
 i - 3 scrolls of amnesia {unknown}
 j - 3 scrolls of identify {unknown}
 l - a scroll of immolation {unknown}
 n - a scroll of enchant weapon {unknown}
 o - 2 scrolls of remove curse {unknown}
 w - a scroll of magic mapping {unknown}
Potions
 d - 2 potions of might
 m - a potion of stabbing {unknown}
 r - a potion of brilliance {unknown}
 s - a potion of mutation {unknown}
 u - a potion of curing {unknown}
Comestibles
 f - 6 rations


   Skills:
 - Level 3.2 Fighting
 + Level 6.2 Axes
 - Level 3.2 Armour
 - Level 3.6 Shields


You had 5 spell levels left.
You didn't know any spells.
Your spell library was empty.

Dungeon Overview and Level Annotations

Branches:
Dungeon (3/15)

Altars:
Ashenzari
Sif Muna
Uskayaw

Annotations:
D:3 Ijyb


Innate Abilities, Weirdness & Mutations

You cannot be hasted, slowed, berserked, paralysed or teleported.
You can dig through walls and to a lower floor.
Your four strong arms can wield two-handed weapons with a shield.
You have a pair of large antennae on your head. (SInv)


Message History

Throwing (i - inventory. (/) - cycle)
g - 27 poisoned darts (quivered)
Press: ? - help, Shift-Dir - straight line, f - Ijyb
Aim: Ijyb, wearing a +0 leather armour and carrying a wand of acid (11)
You throw a poisoned dart. The poisoned dart closely misses Ijyb.
You block Ijyb's attack.
You feel very mighty all of a sudden. You block Ijyb's attack.
You slash Ijyb!
Ijyb is heavily wounded.
Ijyb hits you but does no damage.
You closely miss Ijyb.
Ijyb is heavily wounded.
Ijyb hits you but does no damage.
You barely miss Ijyb.
Ijyb is heavily wounded.
Ijyb screams, "Me very upset!"
Ijyb zaps a wand.
The bolt of acid hits you!
* * * LOW HITPOINT WARNING * * *
You are splashed with acid!
You die...

##### {
#.....###.#
{ {
#.........#
{
#.....#####
{ #.....#
###.#.#
#.#.# {
#.#.# #.#.#
g #@#.#
...ggKg)#.#
#.#######.#
..# ###


You could see Ijyb, 2 goblins and a kobold.

Vanquished Creatures
  A bullfrog zombie (D:3)
  An orc priest (D:3)
  Natasha (thrice) (D:2)
  A gnoll (D:1)
  4 adders
  An ooze (D:3)
  3 worms
  A dart slug (D:1)
  3 orcs (D:3)
  4 bats (D:3)
  2 giant cockroaches (D:1)
  8 goblins
  8 hobgoblins
  6 kobolds
  A ball python (D:2)
  2 frilled lizards
  7 rats
56 creatures vanquished.

Notes
Turn   | Place    | Note
-------+----------+-------------------------------------------
     0 | D:1      | Delamore the Formicid Fighter began the quest for the Orb.
     0 | D:1      | Reached XP level 1. HP: 18/18 MP: 1/1
   214 | D:1      | Reached skill level 3 in Axes
   214 | D:1      | Reached XP level 2. HP: 20/24 MP: 2/2
   369 | D:1      | Reached XP level 3. HP: 29/29 MP: 3/3
   828 | D:2      | Noticed Natasha
  1028 | D:2      | Killed Natasha
  1028 | D:2      | Reached skill level 4 in Axes
  1028 | D:2      | Reached XP level 4. HP: 25/35 MP: 4/4
  1520 | D:2      | Noticed Natasha
  1533 | D:2      | Killed Natasha
  1692 | D:2      | Found a shimmering blue altar of Sif Muna.
  1717 | D:2      | Reached XP level 5. HP: 41/41 MP: 5/5
  2000 | D:2      | Noticed Natasha
  2007 | D:2      | Killed Natasha
  2007 | D:2      | Reached skill level 5 in Axes
  2236 | D:3      | Found a hide-covered altar of Uskayaw.
  2292 | D:3      | Reached XP level 6. HP: 47/47 MP: 6/6
  2395 | D:3      | Found a shattered altar of Ashenzari.
  2828 | D:3      | Reached skill level 6 in Axes
  2829 | D:3      | Noticed Ijyb
  2842 | D:3      | Splashed by Ijyb's acid

Illustrated notes

Levels and vault maps discovered:
D:1:      nicolae_arrival_somewhat_less_tricky_arrival, layout_basic,
          minmay_tetromino_l4
D:2:      layout_loops_corners, led_sif_pool, dk_noncrumbling_4, uniq_natasha
D:3:      kennysheep_the_goblin_king, layout_loops_ring,
          ashenzari_conservatory_becter, lemuel_crystal_altar, st_stairs_5

Skill      XL: |  1  2  3  4  5  6 |
---------------+-------------------+-----
Axes           | 3 4 5 6 |  6.2
Fighting       | |  3.2
Armour         | |  3.2
Shields        | |  3.6

Action                   |  1- 3 |  4- 6 || total
-------------------------+-------+-------++-------
Melee: War axe           |    41 |   157 ||   198
Throw: Dart              |     1 |     5 ||     6
       Javelin           |       |     1 ||     1
  Use: Potion            |       |     1 ||     1
  Eat: Chunk             |       |     6 ||     6
Armor: Chain mail        |    13 |    56 ||    69
Dodge: Dodged            |    15 |    32 ||    47
Block: Kite shield       |    15 |    76 ||    91
